 Dungeon Sprint DCSS version 0.30.1-11-g7821555f0a (webtiles) character file.

Game seed: 3251005804291824593

3400000 Groucho the Axe Maniac (level 17, -1/158 HPs)
             Began as a Formicid Fighter on Nov 25, 2023.
             Was an Elder of Makhleb.
             Slain by a meat berserker
             ... wielding a +9 battleaxe
              (65 damage)
             ... in the Dungeon (Sprint VIII: "Arena of Blood").
             The game lasted 00:02:12 (34 turns).

Groucho the Axe Maniac (Formicid Fighter)             Turns: 34, Time: 00:02:13

Health: -1/158     AC: 11    Str: 23    XL:     17   Next: 55%
Magic:  17/17      EV: 27    Int:  8    God:    Makhleb [****..]
Gold:   0          SH: 11    Dex: 19    Spells: 16/16 levels left

rFire   . . .        i - +∞ Axe of Woe
rCold   . . .        c - +0 buckler
rNeg    . . .        b - +0 scale mail
rPois   .            (helmet unavailable)
rElec   .            (no cloak)
rCorr   .            (no gloves)
SInv    +            (no boots)
Will    +....        (no amulet) Stlth
                     j - +30 ring of slaying
HPRegen 0.46/turn    (no ring)
MPRegen 0.15/turn

%: no passive effects
@: no status effects
A: permanent stasis, dig shafts and tunnels, antennae 3, four strong arms
a: Dig, Renounce Religion, Minor Destruction, Lesser Servant of Makhleb, Major
Destruction


You were in the Dungeon.
You worshipped Makhleb.
Makhleb was greatly pleased with you.
You visited 1 branch

Inventory:

Hand Weapons
 a - a +0 war axe
 i - the +∞ Axe of Woe (weapon)
   (You found it in the Dungeon)
Armour
 b - a +0 scale mail (worn)
 c - a +0 buckler (worn)
Jewellery
 j - a +30 ring of slaying (left hand)
Scrolls
 h - a scroll of blinking
Potions
 d - a potion of might
 e - a potion of curing
 f - a potion of heal wounds
 g - 2 potions of magic


   Skills:
 + Level 21.1 Fighting
 O Level 27 Axes
 + Level 21.1 Armour
 O Level 27 Dodging
 + Level 24.6 Shields


You had 16 spell levels left.
You didn't know any spells.
Your spell library was empty.

Dungeon Overview and Level Annotations

Branches:
Dungeon (1/1)

Altars:
Makhleb


Innate Abilities, Weirdness & Mutations

You cannot be hasted, slowed, berserked, paralysed or teleported.
You can dig through walls and to a lower floor.
You have a pair of large antennae on your head. (SInv)
Your four strong arms can wield two-handed weapons with a shield.


Message History

You hear a shout!
The meat berserker rages.
You hear a shout! x3
A bag of meat comes into view. It is wielding a +9 war axe.
You hear a shout! x4
The meat berserker rages.
You hear a shout!
The eight-headed meat hydra calls on the powers of darkness!
The eight-headed meat hydra convulses!
Your body is wracked with pain!
* * * LOW HITPOINT WARNING * * *
The meat berserker convulses! x2
You hear a shout!
Unknown command.
Unknown command.
Unknown command.
You dice the meat berserker like an onion!!!
You hew the meat berserker savagely.
You kill the meat berserker!
Makhleb accepts your kill.
You feel better.
The destroyer appears out of thin air!
A destroyer comes into view. It is wielding a +9 heavy great sword.
The destroyer shouts!
You hear a shout! x5
A bag of meat comes into view. It is wielding a +9 war axe. x2
You hear a shout! x5
Your Fighting skill increases to level 21!
Your Armour skill increases to level 21!
Your Shields skill increases to level 24!
Unknown command.
Unknown command.
Unknown command.
Unknown command.
Unknown command.
Unknown command.
Unknown command.
The bag of meat shouts!
You hear a shout! x9
A bag of meat comes into view. It is wielding a +9 war axe.
You hear a shout!
A bag of meat comes into view. It is wielding a +9 war axe.
The meat berserker hits you with a +9 battleaxe!!!
You die...
Oo..

.. ... ..... #..
...# . #.. ...#
. ..###..
...###..
.......###......
.....D§§§....V..
....#.)@)O#....
. #§§§O_# .
#.VO..#
......._.......
.o....###......
..###.o ...###..
.{ #.. ...# .
#.o ...# ...
....O


You could see an eight-headed meat hydra, 2 destroyers, 4 meat berserkers and 3
bags of meat.

Vanquished Creatures
  A vampire knight (D)
  5 ogres (D)
  A two-headed ogre (D)
  5 orcs (D)
12 creatures vanquished.

Notes
Turn   | Place    | Note
-------+----------+-------------------------------------------
     0 | D        | Found the +∞ Axe of Woe
     0 | D        | Groucho the Formicid Fighter began the quest for the Orb.
     0 | D        | Reached XP level 1. HP: 18/18 MP: 1/1
     2 | D        | Noticed a bag of meat
     4 | D        | Became a worshipper of Makhleb the Destroyer
     4 | D        | Noticed a bag of meat
     4 | D        | Noticed a meat berserker
     6 | D        | Noticed a bag of meat
     9 | D        | Killed a meat berserker
    10 | D        | Reached XP level 2. HP: 3/24 MP: 2/2
    10 | D        | Reached XP level 3. HP: 3/29 MP: 3/3
    10 | D        | Reached XP level 4. HP: 4/35 MP: 4/4
    10 | D        | Reached XP level 5. HP: 5/41 MP: 5/5
    10 | D        | Reached XP level 6. HP: 6/47 MP: 6/6
    10 | D        | Reached XP level 7. HP: 6/52 MP: 7/7
    10 | D        | Reached XP level 8. HP: 7/58 MP: 8/8
    10 | D        | Reached XP level 9. HP: 8/64 MP: 9/9
    10 | D        | Reached XP level 10. HP: 9/70 MP: 10/10
    10 | D        | Reached XP level 11. HP: 9/75 MP: 11/11
    10 | D        | Reached XP level 12. HP: 10/81 MP: 12/12
    10 | D        | Killed a bag of meat
    10 | D        | Reached * piety under Makhleb
    10 | D        | Killed a bag of meat
    11 | D        | Reached XP level 13. HP: 11/86 MP: 13/13
    13 | D        | Killed a bag of meat
    13 | D        | Noticed a meat berserker
    14 | D        | Reached XP level 14. HP: 33/93 MP: 14/14
    14 | D        | Noticed a bag of meat
    15 | D        | Noticed a bag of meat
    17 | D        | Noticed a meat berserker
    18 | D        | Noticed a meat berserker
    19 | D        | Noticed a large bag of meat
    20 | D        | Killed a meat berserker
    20 | D        | Reached ** piety under Makhleb
    21 | D        | Reached skill level 27 in Axes
    22 | D        | Killed a meat berserker
    23 | D        | Reached skill level 27 in Dodging
    23 | D        | Reached XP level 15. HP: 29/106 MP: 15/15
    23 | D        | Killed a meat berserker
    24 | D        | Reached *** piety under Makhleb
    25 | D        | Reached skill level 15 in Shields
    25 | D        | Reached XP level 16. HP: 37/131 MP: 16/16
    25 | D        | Noticed a destroyer
    26 | D        | Killed a large bag of meat
    28 | D        | Killed a destroyer
    28 | D        | Reached **** piety under Makhleb
    29 | D        | Reached XP level 17. HP: 41/155 MP: 17/17
    29 | D        | Noticed a meat berserker
    29 | D        | Noticed an eight-headed meat hydra
    30 | D        | Noticed a meat berserker
    30 | D        | Noticed a meat berserker
    31 | D        | Noticed a meat berserker
    31 | D        | Noticed a destroyer
    33 | D        | Killed a meat berserker
    33 | D        | Noticed a destroyer
    34 | D        | Slain by a meat berserker

Illustrated notes

Levels and vault maps discovered:
D:        meatsprint

Skill      XL: |  1  2  3  4  5  6  7  8  9 10 11 12 13 14 15 16 17 |
---------------+----------------------------------------------------+-----
Axes           | 20 23 25 27 | 27.0
Dodging        | 19 22 23 27 | 27.0
Fighting       | 6 13 20 21 | 21.1
Armour         | 6 13 20 21 | 21.1
Shields        | 7 15 23 24 | 24.6

Action                     |  1- 3 |  4- 6 |  7- 9 | 10-12 | 13-15 | 16-18 || total
---------------------------+-------+-------+-------+-------+-------+-------++-------
  Melee: Executioner's axe |     1 |       |       |     1 |     5 |     3 ||    10
  Dodge: Dodged            |       |       |       |       |     1 |       ||     1
